 Dungeon Crawl Stone Soup version 0.28.0-47-ge53b351184 (webtiles) character file.

Game seed: 7062206277017788753

59 101zpm the Magician (level 4, -1/31 HPs)
             Began as a Djinni Fire Elementalist on May 4, 2022.
             Slain by a gnoll
             ... wielding a +0 halberd of distortion
              (8 damage)
             ... on level 4 of the Dungeon.
             The game lasted 00:05:07 (1877 turns).

101zpm the Magician (Djinni Fire Elementalist)      Turns: 1877, Time: 00:05:08

Health: -1/31      AC:  2    Str:  7    XL:     4   Next: 22%
Gold:   23         EV: 12    Int: 18    God:
                   SH:  0    Dex: 14

rFire   + + .      SeeInvis .   (no weapon)
rCold   x . .      Faith    .   (no shield)
rNeg    . . .      Spirit   .   a - +0 robe
rPois   ∞          Reflect  .   (no helmet)
rElec   .          Harm     .   (no cloak)
rCorr   .          Rampage  .   (no gloves)
Will    .....                   (boots unavailable)
Stlth   ++........              (no amulet)
HPRegen 0.10/turn               (no ring)
MPRegen 0.00/turn               (no ring)

@: flying, very slightly contaminated, slowed, very slow
A: sickness immunity, fire resistance 2, cold vulnerability 1, float, innate
caster, HP casting, extra vitality 1
a: no special abilities


You were on level 4 of the Dungeon.
You visited 2 branches of the dungeon, and saw 5 of its levels.

You collected 23 gold pieces.

Inventory:

Armour
 a - a +0 robe (worn)
Scrolls
 b - a scroll of teleportation {unknown}
 c - 2 scrolls of magic mapping {unknown}
 f - a scroll of fog {unknown}
 g - a scroll of enchant armour {unknown}
 i - 2 scrolls of amnesia {unknown}
Potions
 d - a potion of flight {unknown}
 e - a potion of ambrosia {unknown}
 h - a potion of resistance {unknown}


   Skills:
 + Level 2.5 Dodging
 + Level 2.0 Stealth
 + Level 3.4 Spellcasting


You couldn't memorise any spells.
You knew the following spells:

 Your Spells              Type           Power      Damage    Failure   Level
a - Foxfire               Conj/Fire      60%        2x1d7     3%          1
b - Scorch                Fire           30%        2d7       5%          2
c - Conjure Flame         Conj/Fire      15%        6-21      11%         3
d - Inner Flame           Hex/Fire       15%        N/A       11%         3
e - Flame Wave            Conj/Fire      15%        2d6       36%         4
f - Pain                  Necr           60%        1d7       3%          1
Your spell library was empty.

Dungeon Overview and Level Annotations

Branches:
Dungeon (4/15)             Temple (1/1) D:4

Altars:
Ashenzari
Cheibriados
Dithmenos
Elyvilon
Fedhas
Gozag
Kikubaaqudgha
Makhleb
Nemelex Xobeh
Okawaru
Qazlal
Ru
Sif Muna
Trog
Uskayaw
Vehumet
Wu Jian
Xom
Yredelemnul
Zin

Shops:
D:4 !


Innate Abilities, Weirdness & Mutations

You are immune to sickness and miasma.
You are immune to poison.
Your flesh is very heat resistant. (rF++)
You are vulnerable to cold. (rC-)
You float through the air rather than walking.
You learn spells naturally, not from books.
Your magical power is your life essence.
You have superior vitality. (+4 MHP)


Message History

Confirm with . or Enter, or press ? or * to list all spells.
Flames lash the orc.
Flame seeps out of the orc.
The orc is severely wounded.
The orc's fire resistance burns away.
You hear a shout!
The orc is engulfed in blazing flames.
The orc explodes!
A gnoll comes into view.
It is wielding a +0 halberd of distortion.
You hear a shout!
You hear a bark! x2; You hear a shout! x2
Casting: Scorch (safe; 5% risk of failure)
Confirm with . or Enter, or press ? or * to list all spells.
The spell is quite dangerous to miscast (11% risk of failure)!
Continue anyway?
Aiming: Inner Flame (quite dangerous; 11% risk of failure)
Press: ? - help, Dir - move target, f - orc wizard
Aim: an orc wizard, wielding a +0 dagger and wearing a +0 robe (chance to affect: 69%)
The orc wizard is filled with an inner flame.
Casting: Foxfire (safe; 3% risk of failure)
Press: ? - help, Q - select action, (/) - cycle Dir - look around, f - activate You conjure some foxfire!
The orc wizard gestures wildly while chanting.
The orc wizard flickers and vanishes!
Deactivating autopickup; reactivate with Ctrl-A.
An orc priest comes into view. It is wielding a +0 war axe.
Casting: Foxfire (safe; 3% risk of failure)
Confirm with . or Enter, or press ? or * to list all spells.
The spell is quite dangerous to miscast (11% risk of failure)!
Continue anyway?
Aiming: Inner Flame (quite dangerous; 11% risk of failure)
Press: ? - help, Dir - move target, f - orc priest
Aim: an orc priest, wielding a +0 war axe and wearing a +0 leather armour (chance to affect: 69%)
You miscast Inner Flame.
Waves of light ripple over your body.
You feel yourself slow down.
The foxfire hits the orc.
The orc is severely wounded.
The foxfire hits the gnoll.
The gnoll is heavily wounded.
A gnoll comes into view. It is wielding a +0 halberd.
A gnoll comes into view. It is wielding a +0 spear.
The gnoll hits you from afar with a +0 halberd of distortion!
* * * LOW HITPOINT WARNING * * *
Space warps horribly around you!
You die...

##...
##.###..###.##
#... #<# #..#
.... ..# #..#
##. #### #..#
..######).#
..........#
#######.###
#.#
####@######.#
#.....g....g#
#...W......g.
#.8.<.☼.8.#..
#.o.☼)☼..##
#..o☼§☼.##
#.....o)..
#.....)..##
.........##


You could see a phantom, an orc priest, 3 gnolls and 2 orcs.

Vanquished Creatures
  An orc wizard (D:4)
  A worm (D:3)
  A dart slug (D:4)
  7 orcs (D:4)
  2 endoplasms (D:4)
  A giant cockroach (D:3)
  2 goblins (D:1)
  2 kobolds
  2 quokkas
  A ball python (D:4)
  A bat (D:3)
21 creatures vanquished.

Vanquished Creatures (others)
  116 foxfires
116 creatures vanquished.

Grand Total: 137 creatures vanquished

Notes
Turn   | Place    | Note
-------+----------+-------------------------------------------
     0 | D:1      | 101zpm the Djinni Fire Elementalist began the quest for the
                  | Orb.
     0 | D:1      | Reached XP level 1. HP: 15/15 MP: 0/0
   737 | D:3      | Reached XP level 2. HP: 13/21 MP: 0/0
   960 | D:4      | Found a staircase to the Ecumenical Temple.
   968 | D:4      | Reached skill level 3 in Spellcasting
   970 | D:4      | Reached XP level 3. HP: 3/25 MP: 0/0
   970 | D:4      | Learned a level 1 spell: Pain
   980 | D:4      | Reached XP level 4. HP: 1/31 MP: 0/0
   981 | Temple   | Entered the Ecumenical Temple
  1854 | D:4      | Found Monos's Distillery.
  1871 | D:4      | Noticed a phantom
  1877 | D:4      | Slain by a gnoll

Illustrated notes

Levels and vault maps discovered:
D:1:      amcnicky_arrival_feature_with_door, layout_loops_ring,
          nicolae_shop_unique_rings
D:2:      layout_loops_corners
D:3:      layout_basic, ebering_ecumenical_altar_rust
D:4:      layout_loops_ring, minmay_temple_entry_arrows, serial_shops,
          shop_statue, kennysheep_crisscross, uniq_ijyb, uniq_duvessa,
          uniq_crazy_yiuf_cottage
Temple:   mainiacjoe_temple_big_plus

Skill      XL: |  1  2  3  4 |
---------------+-------------+-----
Spellcasting   | 3 |  3.4
Stealth        | 2 |  2.0
Dodging        | |  2.5

Action                   |  1- 3 |  4- 6 || total
-------------------------+-------+-------++-------
 Cast: Foxfire           |    53 |    20 ||    73
       Inner Flame       |       |     2 ||     2
       Scorch            |       |     1 ||     1
Armor: Robe              |     1 |       ||     1
Dodge: Dodged            |     5 |     1 ||     6
